Capitals vs Oilers

Created - Saturday, October 24, 2015 at 00:10

Goals
1 2 3 OT1 SO T
Capitals 1 0 0 0 2 2
Oilers 0 1 0 0 0 1
Shots
1 2 3 OT1 SO T
Capitals 12 1 13 3 2 29
Oilers 9 12 5 2 2 28

1st period

1. Capitals , Erik Condra 1 (Leon Draisaitl) at 16:21

Penalties :
Sami Vatanen (Was) for Holding (Minor) at 4:55, Taylor Fedun (Edm) for Holding Stick (Minor) at 8:48, Eric O'Dell (Was) for High sticking (Minor) at 10:57, Trevor Lewis (Edm) for Hooking (Minor) at 13:20, Taylor Fedun (Edm) for Hooking (Minor) at 17:33

2nd period

2. Oilers , Jamie McGinn 1 (Trevor Lewis, Brayden McNabb) at 6:55

Penalties :
Steve Bernier (Was) for Interference (Minor) at 0:29, Ryan McDonagh (Edm) for Interference (Minor) at 4:16, Brandon Burlon (Was) for Boarding (Minor) at 7:24, Andy Greene (Was) for Roughing (Double Minor) at 12:10

3rd period

No Goal

Penalties :
Kyle Clifford (Was) for Hooking (Minor) at 1:03, Brandon Burlon (Was) for Interference (Minor) at 3:40, David Desharnais (Edm) for High sticking (Minor) at 15:24, Nicklas Backstrom (Edm) for Holding Stick (Minor) at 0:00

Overtime #1

No Goal

Penalties :
No Penalty

Shootout

Penalty Shot by Jussi Jokinen for Capitals - Goal!
Penalty Shot by David Desharnais for Oilers - Shot Misses the Net
Penalty Shot by Alex Tanguay for Capitals - Goal!
Penalty Shot by Andrew Ladd for Oilers - Stopped by Marc-Andre Fleury

Penalties :
No Penalty

Goalie Stats

Marc-Andre Fleury (Was), 27 saves from 28 shots - (0.964), W, 3-3-1, 65:00 minutes
Jaroslav Halak (Edm), 28 saves from 29 shots - (0.966), OTL, 3-2-1, 65:00 minutes

Players Stats for Capitals

Player Name              G  A  P  +/- PIM S  H  SB GA TA FO     MP     PP MP  PK MP  
------------------------------------------------------------------------------------
Alex Tanguay             0  0  0   0  0   2  2  0  2  1  1/1    24:43   4:53   9:42 
Andy Greene              0  0  0  -1  4   1  0  3  0  3  0/0    26:14   5:07   5:51 
Brandon Burlon           0  0  0   1  4   0  0  0  0  0  0/0    12:58   0:00   0:00 
Dainius Zubrus           0  0  0   0  0   1  3  0  4  0  0/1    18:54   4:53   5:46 
Eric Gelinas             0  0  0   1  0   0  1  0  0  0  0/0    13:33   0:00   1:22 
Eric O'Dell              0  0  0  -1  2   1  2  0  0  0  2/7    10:18   0:00   0:41 
Erik Condra              1  0  1   1  0   5  1  0  0  0  0/0     5:56   0:00   0:00 
Jussi Jokinen            0  0  0   0  0   1  0  1  0  1  3/17   25:12   4:53   6:57 
Kris Versteeg            0  0  0  -1  0   6  0  0  7  0  1/5    17:47   5:02   0:00 
Kyle Clifford            0  0  0   1  2   2  2  0  1  0  0/6    12:46   0:23   0:00 
Leon Draisaitl           0  1  1   1  0   0  0  0  0  0  4/5     5:56   0:00   0:00 
Mark Cundari             0  0  0   0  0   0  0  0  0  0  0/0     0:00   0:00   0:00 
Matt Read                0  0  0   0  0   1  1  0  3  2  0/0    21:05   4:39   5:14 
Michael Ryder            0  0  0  -1  0   2  0  0  0  0  2/4    14:28   0:00   3:26 
Paul Martin              0  0  0   0  0   4  1  0  0  0  0/0    25:33   4:48   8:40 
Robyn Regehr             0  0  0  -1  0   0  4  2  0  1  0/0    29:21   5:07   9:57 
Sami Vatanen             0  0  0   0  2   2  1  0  1  0  0/0    23:09   4:48   5:56 
Steve Bernier            0  0  0   0  2   1  4  0  3  0  0/0    16:07   5:02   0:00 

Players Stats for Oilers

Player Name              G  A  P  +/- PIM S  H  SB GA TA FO     MP     PP MP  PK MP  
------------------------------------------------------------------------------------
Andrew Ladd              0  0  0   0  0   3  6  0  2  3  0/0    22:50   8:07   5:23 
Andrew MacDonald         0  0  0  -1  0   1  1  1  0  2  0/0    16:31   0:00   4:58 
Brayden McNabb           0  1  1   1  0   0  0  4  0  3  0/0    14:08   0:07   1:21 
Brayden Schenn           0  0  0   0  0   3  2  0  3  1  1/2    14:33   8:01   0:00 
Darren Helm              0  0  0   0  0   0  1  0  3  0  1/1    21:44   6:32   4:01 
David Desharnais         0  0  0   0  2   4  0  2  2  0  6/10   18:34   7:30   0:39 
Henrik Zetterberg        0  0  0   0  0   2  2  0  3  1  9/13   24:21   7:07   3:36 
Jamie McGinn             1  0  1   0  0   1  0  0  1  0  0/0    11:43   1:31   0:00 
Jannik Hansen            0  0  0   0  0   1  0  0  0  0  0/0     9:16   0:47   0:00 
Jason Demers             0  0  0  -1  0   1  2  1  0  2  0/0    23:08   6:32   4:03 
Lars Eller               0  0  0   0  0   0  0  0  0  0  0/0     0:27   0:00   0:00 
Nick Bonino              0  0  0   0  0   2  1  0  2  2  5/7    22:40   6:29   6:57 
Nicklas Backstrom        0  0  0   0  2   4  1  0  1  0  10/12  17:59   7:30   0:00 
Niklas Hjalmarsson       0  0  0   0  0   1  0  0  0  1  0/0    29:58   9:21   7:52 
Patrick Marleau          0  0  0   0  0   3  1  0  1  0  1/1    20:22   9:44   1:14 
Ryan McDonagh            0  0  0   0  2   1  1  1  0  1  0/0    17:08   0:00   5:36 
Taylor Fedun             0  0  0   1  4   0  0  1  0  0  0/0    12:03   0:00   0:00 
Trevor Lewis             0  1  1   0  2   1  0  0  1  0  0/0    10:35   0:07   0:00 

3 Stars

1 - Jaroslav Halak (Edm)
2 - Marc-Andre Fleury (Was)
3 - Erik Condra (Was)

Power Play

Capitals - 0 on 6 Attempt(s) - 0.00%
Oilers - 0 on 8 Attempt(s) - 0.00%

Penalty Kill

Capitals - 8 on 8 Attempt(s) - 100.00% - Score 0 goal in Penalty Kill
Oilers - 6 on 6 Attempt(s) - 100.00% - Score 0 goal in Penalty Kill

Team Stat

Capitals - Hits : 22 - Faceoff Wins : 13 - Blocked Shots : 6 - Penalty Minutes : 16
Oilers - Hits : 18 - Faceoff Wins : 33 - Blocked Shots : 10 - Penalty Minutes : 12

Official

Referees : Unknown
Linesman : Unknown

Game Notes

No Game Note

Finance

Level 1 -- Attendance: 6000 (100.00%) -- Ticket Income $528,000
Level 2 -- Attendance: 3308 (66.16%) -- Ticket Income $198,480
Level 3 -- Attendance: 1579 (78.95%) -- Ticket Income $55,265
Level 4 -- Attendance: 3706 (92.65%) -- Ticket Income $66,708
Luxury Box -- Attendance: 701 (70.10%) -- Ticket Income $131,788
Game was played at the Rexall Place.
Total Attendance: 15294 (84.97%)
Total Ticket Income: $980,241
Other Income: $480,318
Total Income: $1,460,559

Capitals

5 vs 5 Forward 
   Center                   Left Wing                Right Wing               Time % Phy DF OF 
 1 Jussi Jokinen            Alex Tanguay             Dainius Zubrus           35     1   2  2  
 2 Kyle Clifford            Matt Read                Steve Bernier            30     1   2  2  
 3 Eric O'Dell              Kris Versteeg            Michael Ryder            22     1   2  2  
 4 Leon Draisaitl           Erik Condra              Jussi Jokinen            13     1   2  2  

5 vs 5 Defense 
   Defense                  Defense                                           Time % Phy DF OF 
 1 Andy Greene              Robyn Regehr                                      35     1   2  2  
 2 Paul Martin              Sami Vatanen                                      30     1   2  2  
 3 Eric Gelinas             Brandon Burlon                                    22     1   2  2  
 4 Andy Greene              Robyn Regehr                                      13     1   2  2  

PowerPlay Forward 
   Center                   Left Wing                Right Wing               Time % Phy DF OF 
 1 Jussi Jokinen            Alex Tanguay             Dainius Zubrus           60     1   2  2  
 2 Kris Versteeg            Matt Read                Steve Bernier            40     1   2  2  

PowerPlay Defense
   Defense                  Defense                                           Time % Phy DF OF 
 1 Andy Greene              Robyn Regehr                                      60     1   2  2  
 2 Paul Martin              Sami Vatanen                                      40     1   2  2  

Penalty Kill 4 Players Forward 
   Center                   Wing                     Time % Phy DF OF 
 1 Jussi Jokinen            Alex Tanguay             60     1   2  2  
 2 Dainius Zubrus           Matt Read                40     1   2  2  

Penalty Kill 4 Players Defense
   Defense                  Defense                  Time % Phy DF OF 
 1 Andy Greene              Robyn Regehr             60     1   2  2  
 2 Paul Martin              Sami Vatanen             40     1   2  2  

Penalty Kill - 3 Players Forward 
   Forward                                           Time % Phy DF OF 
 1 Jussi Jokinen                                     60     1   2  2  
 2 Alex Tanguay                                      40     1   2  2  

Penalty Kill - 3 Players Defense
   Defense                  Defense                  Time % Phy DF OF 
 1 Andy Greene              Robyn Regehr             60     1   2  2  
 2 Paul Martin              Sami Vatanen             40     1   2  2  

4 vs 4 Forward 
   Center                   Wing                     Time % Phy DF OF 
 1 Jussi Jokinen            Alex Tanguay             60     1   2  2  
 2 Dainius Zubrus           Matt Read                40     1   2  2  

4 vs 4 Defense
   Defense                  Defense                  Time % Phy DF OF 
 1 Andy Greene              Robyn Regehr             60     1   2  2  
 2 Paul Martin              Sami Vatanen             40     1   2  2  

Last Minutes Offensive
   Center                   Left Wing                Right Wing               Defense                  Defense                  
   Jussi Jokinen            Alex Tanguay             Dainius Zubrus           Andy Greene              Robyn Regehr             

Last Minutes Defensive
   Center                   Left Wing                Right Wing               Defense                  Defense                  
   Jussi Jokinen            Alex Tanguay             Dainius Zubrus           Andy Greene              Robyn Regehr             

Goaltenders
Starting : Marc-Andre Fleury        
Backup : Matt Murray              

Extra Forwards
Normal : Kyle Clifford, Kris Versteeg, Michael Ryder - PP : Kyle Clifford, Kris Versteeg - PK : Michael Ryder
Extra Defensemen
Normal : Eric Gelinas, Andy Greene, Paul Martin - PP : Eric Gelinas - PK : Robyn Regehr, Paul Martin
Penalty Shots
Jussi Jokinen, Alex Tanguay, Dainius Zubrus, Matt Read, Michael Ryder

Oilers

5 vs 5 Forward 
   Center                   Left Wing                Right Wing               Time % Phy DF OF 
 1 Henrik Zetterberg        Andrew Ladd              Brayden Schenn           30     1   1  3  
 2 Nicklas Backstrom        Nick Bonino              Patrick Marleau          30     1   1  3  
 3 David Desharnais         Darren Helm              Jannik Hansen            20     1   2  2  
 4 Henrik Zetterberg        Trevor Lewis             Jamie McGinn             20     1   2  2  

5 vs 5 Defense 
   Defense                  Defense                                           Time % Phy DF OF 
 1 Ryan McDonagh            Niklas Hjalmarsson                                35     1   4  0  
 2 Jason Demers             Andrew MacDonald                                  30     1   4  0  
 3 Brayden McNabb           Taylor Fedun                                      20     1   4  0  
 4 Ryan McDonagh            Niklas Hjalmarsson                                15     1   4  0  

PowerPlay Forward 
   Center                   Left Wing                Right Wing               Time % Phy DF OF 
 1 Nicklas Backstrom        Andrew Ladd              Henrik Zetterberg        60     1   0  4  
 2 David Desharnais         Nick Bonino              Brayden Schenn           40     1   0  4  

PowerPlay Defense
   Defense                  Defense                                           Time % Phy DF OF 
 1 Niklas Hjalmarsson       Patrick Marleau                                   60     1   2  2  
 2 Jason Demers             Darren Helm                                       40     1   2  2  

Penalty Kill 4 Players Forward 
   Center                   Wing                     Time % Phy DF OF 
 1 Henrik Zetterberg        Darren Helm              50     1   4  0  
 2 Nick Bonino              Andrew Ladd              50     1   4  0  

Penalty Kill 4 Players Defense
   Defense                  Defense                  Time % Phy DF OF 
 1 Ryan McDonagh            Niklas Hjalmarsson       60     1   4  0  
 2 Jason Demers             Andrew MacDonald         40     1   4  0  

Penalty Kill - 3 Players Forward 
   Forward                                           Time % Phy DF OF 
 1 Nick Bonino                                       60     1   4  0  
 2 Lars Eller                                        40     1   4  0  

Penalty Kill - 3 Players Defense
   Defense                  Defense                  Time % Phy DF OF 
 1 Brayden McNabb           Niklas Hjalmarsson       60     1   4  0  
 2 Jason Demers             Andrew MacDonald         40     1   4  0  

4 vs 4 Forward 
   Center                   Wing                     Time % Phy DF OF 
 1 Nicklas Backstrom        Andrew Ladd              60     1   0  4  
 2 Henrik Zetterberg        Patrick Marleau          40     1   0  4  

4 vs 4 Defense
   Defense                  Defense                  Time % Phy DF OF 
 1 Ryan McDonagh            Niklas Hjalmarsson       60     1   4  0  
 2 Jason Demers             Andrew MacDonald         40     1   4  0  

Last Minutes Offensive
   Center                   Left Wing                Right Wing               Defense                  Defense                  
   Nicklas Backstrom        Andrew Ladd              Henrik Zetterberg        Ryan McDonagh            Patrick Marleau          

Last Minutes Defensive
   Center                   Left Wing                Right Wing               Defense                  Defense                  
   Nick Bonino              Andrew Ladd              Darren Helm              Ryan McDonagh            Niklas Hjalmarsson       

Goaltenders
Starting : Jaroslav Halak           
Backup : Jeremy Smith             

Extra Forwards
Normal : Henrik Zetterberg, Darren Helm, David Desharnais - PP : Brayden Schenn, Patrick Marleau - PK : Patrick Marleau
Extra Defensemen
Normal : Brayden McNabb, Niklas Hjalmarsson, Jason Demers - PP : Brayden McNabb - PK : Niklas Hjalmarsson, Jason Demers
Penalty Shots
David Desharnais, Andrew Ladd, Darren Helm, Nick Bonino, Nicklas Backstrom

% Time on Ice - Capitals

Lines # - Real PCT - Wanted PCT - Time Play
Normal Forward
1 - 23% - 35% - 7:43
2 - 32% - 30% - 11:06
3 - 28% - 22% - 9:27
4 - 17% - 13% - 5:56
Normal Defense
1 - 32% - 35% - 10:55
2 - 29% - 30% - 9:56
3 - 37% - 22% - 12:34
4 - 2% - 13% - 0:47
PP Forward
1 - 49% - 60% - 4:53
2 - 51% - 40% - 5:02
PP Defense
1 - 52% - 60% - 5:07
2 - 48% - 40% - 4:48
PK Forward
1 - 67% - 60% - 10:39
2 - 33% - 40% - 5:14
PK Defense
1 - 62% - 60% - 9:50
2 - 38% - 40% - 6:03
PK3 Forward
1 - 0% - 60%
2 - 0% - 40%
PK3 Defense
1 - 0% - 60%
2 - 0% - 40%
44 Forward
1 - 98% - 60% - 4:54
2 - 2% - 40% - 0:06
44 Defense
1 - 57% - 60% - 2:51
2 - 43% - 40% - 2:09
Last Minute Offensive  - 0:00
Last Minute Defensive  - 0:00
Total
Forward - 65:00
Defense - 65:00

% Time on Ice - Oilers

Lines # - Real PCT - Wanted PCT - Time Play
Normal Forward
1 - 18% - 30% - 6:07
2 - 29% - 30% - 9:47
3 - 25% - 20% - 8:29
4 - 29% - 20% - 9:49
Normal Defense
1 - 30% - 35% - 10:25
2 - 33% - 30% - 11:08
3 - 35% - 20% - 11:54
4 - 2% - 15% - 0:45
PP Forward
1 - 52% - 60% - 8:15
2 - 48% - 40% - 7:38
PP Defense
1 - 59% - 60% - 9:21
2 - 41% - 40% - 6:32
PK Forward
1 - 44% - 50% - 4:24
2 - 56% - 50% - 5:31
PK Defense
1 - 66% - 60% - 6:31
2 - 34% - 40% - 3:24
PK3 Forward
1 - 100% - 60% - 2:00
2 - 0% - 40% - 0:00
PK3 Defense
1 - 68% - 60% - 1:21
2 - 33% - 40% - 0:39
44 Forward
1 - 100% - 60% - 3:00
2 - 0% - 40% - 0:00
44 Defense
1 - 53% - 60% - 1:35
2 - 47% - 40% - 1:25
Last Minute Offensive  - 0:00
Last Minute Defensive  - 0:00
Total
Forward - 65:00
Defense - 65:00

Play by Play

1st period


0:01 of 1st period - Henrik Zetterberg wins face-off versus Jussi Jokinen in neutral zone.
0:18 of 1st period - Niklas Hjalmarsson is hit by Dainius Zubrus and loses puck.
1:09 of 1st period - Snap shot by Matt Read.
1:09 of 1st period - Shot Misses the Net.
1:17 of 1st period - Eric Gelinas is hit by Ryan McDonagh.
2:18 of 1st period - Taylor Fedun is hit by Eric O'Dell and loses puck.
2:50 of 1st period - Paul Martin is hit by Nicklas Backstrom and loses puck.
3:25 of 1st period - Ryan McDonagh is hit by Kyle Clifford.
3:29 of 1st period - Snap shot by Steve Bernier.
3:29 of 1st period - Stopped by Jaroslav Halak with a rebound.
3:45 of 1st period - Slapshot by Dainius Zubrus.
3:45 of 1st period - Stopped by Jaroslav Halak with a rebound.
3:47 of 1st period - Snap shot by Alex Tanguay.
3:47 of 1st period - Stopped by Jaroslav Halak without a rebound.
3:48 of 1st period - David Desharnais wins face-off versus Jussi Jokinen in Oilers zone.
4:09 of 1st period - Snap shot by David Desharnais.
4:09 of 1st period - Stopped by Marc-Andre Fleury with a rebound.
4:11 of 1st period - Snap shot by Jannik Hansen.
4:11 of 1st period - Stopped by Marc-Andre Fleury with a rebound.
4:13 of 1st period - Wrist shot by Jason Demers.
4:13 of 1st period - Stopped by Marc-Andre Fleury with a rebound.
4:15 of 1st period - Slapshot by Andrew MacDonald.
4:15 of 1st period - Deflect By David Desharnais.
4:15 of 1st period - Shot Blocked by Robyn Regehr.
4:15 of 1st period - Puck is out of play.
4:16 of 1st period - Nicklas Backstrom wins face-off versus Kyle Clifford in Capitals zone.
4:55 of 1st period - Minor Penalty to Sami Vatanen for Holding.
4:56 of 1st period - David Desharnais wins face-off versus Jussi Jokinen in Capitals zone.
5:25 of 1st period - Slapshot by Brayden Schenn.
5:25 of 1st period - Deflect By Alex Tanguay.
5:25 of 1st period - Stopped by Marc-Andre Fleury without a rebound.
5:26 of 1st period - Nicklas Backstrom wins face-off versus Jussi Jokinen in Capitals zone.
6:17 of 1st period - Slapshot by David Desharnais.
6:17 of 1st period - Stopped by Marc-Andre Fleury with a rebound.
6:19 of 1st period - Snap shot by Patrick Marleau.
6:19 of 1st period - Shot Misses the Net.
6:55 of 1st period - Penalty to Sami Vatanen is over, Sami Vatanen is back on ice.
6:59 of 1st period - Snap shot by Brayden Schenn.
6:59 of 1st period - Stopped by Marc-Andre Fleury without a rebound.
7:00 of 1st period - Brayden Schenn wins face-off versus Kris Versteeg in Capitals zone.
7:13 of 1st period - Snap shot by Henrik Zetterberg.
7:13 of 1st period - Stopped by Marc-Andre Fleury with a rebound.
8:09 of 1st period - Nick Bonino is hit by Steve Bernier and loses puck.
8:16 of 1st period - Snap shot by Nicklas Backstrom.
8:16 of 1st period - Stopped by Marc-Andre Fleury with a rebound.
8:38 of 1st period - Wrist shot by Erik Condra.
8:38 of 1st period - Stopped by Jaroslav Halak without a rebound.
8:39 of 1st period - Leon Draisaitl wins face-off versus Henrik Zetterberg in Oilers zone.
8:42 of 1st period - Snap shot by Erik Condra.
8:42 of 1st period - Stopped by Jaroslav Halak with a rebound.
8:48 of 1st period - Minor Penalty to Taylor Fedun for Holding Stick.
8:49 of 1st period - Nick Bonino wins face-off versus Kris Versteeg in Oilers zone.
8:49 of 1st period - Nick Bonino is hit by Steve Bernier.
9:03 of 1st period - Wrist shot by Matt Read.
9:03 of 1st period - Stopped by Jaroslav Halak with a rebound.
9:15 of 1st period - Slapshot by Kris Versteeg.
9:15 of 1st period - Stopped by Jaroslav Halak with a rebound.
9:39 of 1st period - Niklas Hjalmarsson is hit by Alex Tanguay and loses puck.
10:11 of 1st period - Andy Greene is hit by Andrew Ladd and loses puck.
10:48 of 1st period - Penalty to Taylor Fedun is over, Taylor Fedun is back on ice.
10:57 of 1st period - Minor Penalty to Eric O'Dell for High sticking.
10:58 of 1st period - Michael Ryder wins face-off versus Nicklas Backstrom in Capitals zone.
10:58 of 1st period - Michael Ryder is hit by Andrew Ladd.
11:14 of 1st period - Slapshot by Henrik Zetterberg.
11:14 of 1st period - Shot Misses the Net.
11:16 of 1st period - Slapshot by Patrick Marleau.
11:16 of 1st period - Stopped by Marc-Andre Fleury with a rebound.
12:07 of 1st period - Snap shot by Michael Ryder.
12:07 of 1st period - Stopped by Jaroslav Halak with a rebound.
12:57 of 1st period - Penalty to Eric O'Dell is over, Eric O'Dell is back on ice.
13:14 of 1st period - Brayden McNabb is hit by Steve Bernier and loses puck.
13:20 of 1st period - Minor Penalty to Trevor Lewis for Hooking.
13:21 of 1st period - Henrik Zetterberg wins face-off versus Kris Versteeg in Oilers zone.
14:47 of 1st period - Wrist shot by Jussi Jokinen.
14:47 of 1st period - Shot Blocked by David Desharnais.
14:49 of 1st period - Slapshot by Andy Greene.
14:49 of 1st period - Stopped by Jaroslav Halak with a rebound.
14:51 of 1st period - Snap shot by Jussi Jokinen.
14:51 of 1st period - Stopped by Jaroslav Halak without a rebound.
14:52 of 1st period - Nick Bonino wins face-off versus Jussi Jokinen in Oilers zone.
15:20 of 1st period - Penalty to Trevor Lewis is over, Trevor Lewis is back on ice.
16:17 of 1st period - Snap shot by Erik Condra.
16:17 of 1st period - Stopped by Jaroslav Halak with a rebound.
16:19 of 1st period - Snap shot by Leon Draisaitl.
16:19 of 1st period - Shot Blocked by Andrew MacDonald.
16:21 of 1st period - Snap shot by Erik Condra.
16:21 of 1st period - Goal by Erik Condra - Capitals : 1 - Oilers : 0.
16:22 of 1st period - Nicklas Backstrom wins face-off versus Eric O'Dell in neutral zone.
17:16 of 1st period - David Desharnais is hit by Kyle Clifford and loses puck.
17:33 of 1st period - Minor Penalty to Taylor Fedun for Hooking.
17:34 of 1st period - Jussi Jokinen wins face-off versus Nick Bonino in Oilers zone.
19:33 of 1st period - Penalty to Taylor Fedun is over, Taylor Fedun is back on ice.
Goals for this period are 1 for Capitals vs 0 for Oilers.
Shots for this period are 12 for Capitals vs 9 for Oilers.

2nd period


0:01 of 2nd period - Henrik Zetterberg wins face-off versus Jussi Jokinen in neutral zone.
0:14 of 2nd period - Wrist shot by Brayden Schenn.
0:14 of 2nd period - Stopped by Marc-Andre Fleury with a rebound.
0:16 of 2nd period - Snap shot by Andrew Ladd.
0:16 of 2nd period - Stopped by Marc-Andre Fleury with a rebound.
0:18 of 2nd period - Slapshot by Brayden Schenn.
0:18 of 2nd period - Shot Blocked by Andy Greene.
0:20 of 2nd period - Slapshot by Niklas Hjalmarsson.
0:20 of 2nd period - Stopped by Marc-Andre Fleury without a rebound.
0:21 of 2nd period - Nicklas Backstrom wins face-off versus Kyle Clifford in Capitals zone.
0:29 of 2nd period - Minor Penalty to Steve Bernier for Interference.
0:30 of 2nd period - Nicklas Backstrom wins face-off versus Jussi Jokinen in Capitals zone.
2:00 of 2nd period - Snap shot by Sami Vatanen.
2:00 of 2nd period - Stopped by Jaroslav Halak with a rebound.
2:08 of 2nd period - Paul Martin is hit by Andrew Ladd and loses puck.
2:19 of 2nd period - Nick Bonino is hit by Paul Martin and loses puck.
2:29 of 2nd period - Penalty to Steve Bernier is over, Steve Bernier is back on ice.
2:29 of 2nd period - Wrist shot by Nick Bonino.
2:29 of 2nd period - Stopped by Marc-Andre Fleury with a rebound.
2:31 of 2nd period - Backhand shot by Jason Demers.
2:31 of 2nd period - Shot Misses the Net.
3:08 of 2nd period - Wrist shot by David Desharnais.
3:08 of 2nd period - Stopped by Marc-Andre Fleury without a rebound.
3:09 of 2nd period - David Desharnais wins face-off versus Michael Ryder in Capitals zone.
4:16 of 2nd period - Minor Penalty to Ryan McDonagh for Interference.
4:17 of 2nd period - Nick Bonino wins face-off versus Kris Versteeg in Oilers zone.
4:55 of 2nd period - Sami Vatanen is hit by Andrew MacDonald.
5:19 of 2nd period - Robyn Regehr is hit by Darren Helm and loses puck.
6:16 of 2nd period - Penalty to Ryan McDonagh is over, Ryan McDonagh is back on ice.
6:45 of 2nd period - Icing by Eric O'Dell.
6:46 of 2nd period - Henrik Zetterberg wins face-off versus Eric O'Dell in Capitals zone.
6:49 of 2nd period - Wrist shot by Jamie McGinn.
6:49 of 2nd period - Shot Misses the Net.
6:51 of 2nd period - Slapshot by Brayden McNabb.
6:51 of 2nd period - Shot Blocked by Andy Greene.
6:53 of 2nd period - Snap shot by Trevor Lewis.
6:53 of 2nd period - Shot Misses the Net.
6:55 of 2nd period - Snap shot by Jamie McGinn.
6:55 of 2nd period - Goal by Jamie McGinn - Capitals : 1 - Oilers : 1.
6:56 of 2nd period - David Desharnais wins face-off versus Kyle Clifford in neutral zone.
7:21 of 2nd period - Slapshot by David Desharnais.
7:21 of 2nd period - Stopped by Marc-Andre Fleury without a rebound.
7:22 of 2nd period - Leon Draisaitl wins face-off versus Henrik Zetterberg in Capitals zone.
7:24 of 2nd period - Minor Penalty to Brandon Burlon for Boarding.
7:25 of 2nd period - Alex Tanguay wins face-off versus Nicklas Backstrom in Capitals zone.
7:25 of 2nd period - Alex Tanguay is hit by Patrick Marleau.
8:21 of 2nd period - Alex Tanguay is hit by Brayden Schenn and loses puck.
8:33 of 2nd period - Sami Vatanen is hit by Nick Bonino and loses puck.
8:49 of 2nd period - Sami Vatanen is hit by Andrew Ladd and loses puck.
9:12 of 2nd period - Wrist shot by Nick Bonino.
9:12 of 2nd period - Stopped by Marc-Andre Fleury with a rebound.
9:24 of 2nd period - Penalty to Brandon Burlon is over, Brandon Burlon is back on ice.
9:34 of 2nd period - Snap shot by Henrik Zetterberg.
9:34 of 2nd period - Shot Hit the Post.
9:36 of 2nd period - Snap shot by Darren Helm.
9:36 of 2nd period - Shot Misses the Net.
10:23 of 2nd period - David Desharnais is hit by Matt Read and loses puck.
10:48 of 2nd period - Snap shot by Michael Ryder.
10:48 of 2nd period - Shot Blocked by Brayden McNabb.
10:50 of 2nd period - Snap shot by Eric O'Dell.
10:50 of 2nd period - Shot Misses the Net.
11:10 of 2nd period - Wrist shot by Nicklas Backstrom.
11:10 of 2nd period - Stopped by Marc-Andre Fleury with a rebound.
11:12 of 2nd period - Slapshot by Andrew MacDonald.
11:12 of 2nd period - Shot Misses the Net.
11:55 of 2nd period - Nicklas Backstrom is hit by Robyn Regehr.
12:10 of 2nd period - Double Minor Penalty to Andy Greene for Roughing.
12:11 of 2nd period - Michael Ryder wins face-off versus David Desharnais in Capitals zone.
12:45 of 2nd period - Snap shot by Henrik Zetterberg.
12:45 of 2nd period - Stopped by Marc-Andre Fleury with a rebound.
14:47 of 2nd period - Wrist shot by Jamie McGinn.
14:47 of 2nd period - Deflect By Nicklas Backstrom.
14:47 of 2nd period - Shot Misses the Net.
14:47 of 2nd period - Puck is out of play.
14:48 of 2nd period - Nicklas Backstrom wins face-off versus Jussi Jokinen in Capitals zone.
16:10 of 2nd period - Penalty to Andy Greene is over, Andy Greene is back on ice.
17:47 of 2nd period - Jason Demers is hit by Eric Gelinas and loses puck.
19:07 of 2nd period - Slapshot by Andrew MacDonald.
19:07 of 2nd period - Stopped by Marc-Andre Fleury with a rebound.
19:17 of 2nd period - Snap shot by Jannik Hansen.
19:17 of 2nd period - Shot Blocked by Robyn Regehr.
19:39 of 2nd period - Wrist shot by Nicklas Backstrom.
19:39 of 2nd period - Stopped by Marc-Andre Fleury with a rebound.
19:57 of 2nd period - Snap shot by Darren Helm.
19:57 of 2nd period - Shot Misses the Net.
19:59 of 2nd period - Wrist shot by Brayden McNabb.
19:59 of 2nd period - Shot Misses the Net.
Goals for this period are 0 for Capitals vs 1 for Oilers.
Shots for this period are 1 for Capitals vs 12 for Oilers.

3rd period


0:01 of 3rd period - Henrik Zetterberg wins face-off versus Jussi Jokinen in neutral zone.
0:08 of 3rd period - Snap shot by Andrew Ladd.
0:08 of 3rd period - Stopped by Marc-Andre Fleury without a rebound.
0:09 of 3rd period - Henrik Zetterberg wins face-off versus Jussi Jokinen in Capitals zone.
0:24 of 3rd period - Andy Greene is hit by Brayden Schenn and loses puck.
0:39 of 3rd period - Ryan McDonagh is hit by Dainius Zubrus and loses puck.
1:03 of 3rd period - Minor Penalty to Kyle Clifford for Hooking.
1:04 of 3rd period - David Desharnais wins face-off versus Jussi Jokinen in Capitals zone.
1:22 of 3rd period - Wrist shot by David Desharnais.
1:22 of 3rd period - Shot Misses the Net.
1:26 of 3rd period - Snap shot by Brayden Schenn.
1:26 of 3rd period - Shot Misses the Net.
1:28 of 3rd period - Slapshot by Patrick Marleau.
1:28 of 3rd period - Stopped by Marc-Andre Fleury with a rebound.
1:48 of 3rd period - Sami Vatanen is hit by Henrik Zetterberg.
1:52 of 3rd period - Snap shot by Matt Read.
1:52 of 3rd period - Deflect By Dainius Zubrus.
1:52 of 3rd period - Shot Misses the Net.
1:52 of 3rd period - Puck is out of play.
1:53 of 3rd period - Nicklas Backstrom wins face-off versus Dainius Zubrus in Oilers zone.
2:36 of 3rd period - Nick Bonino is hit by Robyn Regehr and loses puck.
3:03 of 3rd period - Penalty to Kyle Clifford is over, Kyle Clifford is back on ice.
3:30 of 3rd period - Snap shot by Eric O'Dell.
3:30 of 3rd period - Stopped by Jaroslav Halak without a rebound.
3:31 of 3rd period - David Desharnais wins face-off versus Eric O'Dell in Oilers zone.
3:31 of 3rd period - David Desharnais is hit by Eric O'Dell.
3:40 of 3rd period - Minor Penalty to Brandon Burlon for Interference.
3:41 of 3rd period - Jussi Jokinen wins face-off versus David Desharnais in Capitals zone.
4:35 of 3rd period - Wrist shot by Henrik Zetterberg.
4:35 of 3rd period - Shot Misses the Net.
5:10 of 3rd period - Slapshot by Sami Vatanen.
5:10 of 3rd period - Shot Blocked by Jason Demers.
5:12 of 3rd period - Slapshot by Paul Martin.
5:12 of 3rd period - Deflect By Andrew Ladd.
5:12 of 3rd period - Stopped by Jaroslav Halak with a rebound.
5:40 of 3rd period - Penalty to Brandon Burlon is over, Brandon Burlon is back on ice.
6:32 of 3rd period - Darren Helm is hit by Steve Bernier.
7:07 of 3rd period - Snap shot by Leon Draisaitl.
7:07 of 3rd period - Shot Misses the Net.
7:09 of 3rd period - Slapshot by Robyn Regehr.
7:09 of 3rd period - Shot Blocked by Taylor Fedun.
7:11 of 3rd period - Slapshot by Andy Greene.
7:11 of 3rd period - Deflect By Leon Draisaitl.
7:11 of 3rd period - Shot Misses the Net.
7:11 of 3rd period - Puck is out of play.
7:12 of 3rd period - Henrik Zetterberg wins face-off versus Leon Draisaitl in Oilers zone.
8:15 of 3rd period - Wrist shot by Steve Bernier.
8:15 of 3rd period - Shot Misses the Net.
9:29 of 3rd period - Snap shot by Kris Versteeg.
9:29 of 3rd period - Deflect By Andrew Ladd.
9:29 of 3rd period - Stopped by Jaroslav Halak with a rebound.
9:31 of 3rd period - Slapshot by Leon Draisaitl.
9:31 of 3rd period - Shot Hit the Post.
9:39 of 3rd period - Brayden McNabb is hit by Erik Condra and loses puck.
11:18 of 3rd period - Wrist shot by Alex Tanguay.
11:18 of 3rd period - Stopped by Jaroslav Halak with a rebound.
11:20 of 3rd period - Slapshot by Robyn Regehr.
11:20 of 3rd period - Deflect By Alex Tanguay.
11:20 of 3rd period - Shot Hit the Post.
11:20 of 3rd period - Puck is out of play.
11:21 of 3rd period - Leon Draisaitl wins face-off versus Henrik Zetterberg in Oilers zone.
11:33 of 3rd period - Icing by Jamie McGinn.
11:34 of 3rd period - Eric O'Dell wins face-off versus Henrik Zetterberg in Oilers zone.
11:39 of 3rd period - Wrist shot by Kris Versteeg.
11:39 of 3rd period - Stopped by Jaroslav Halak with a rebound.
11:41 of 3rd period - Slapshot by Michael Ryder.
11:41 of 3rd period - Stopped by Jaroslav Halak with a rebound.
11:43 of 3rd period - Slapshot by Paul Martin.
11:43 of 3rd period - Stopped by Jaroslav Halak without a rebound.
11:44 of 3rd period - Eric O'Dell wins face-off versus Brayden Schenn in Oilers zone.
11:47 of 3rd period - Snap shot by Kris Versteeg.
11:47 of 3rd period - Stopped by Jaroslav Halak with a rebound.
11:55 of 3rd period - Snap shot by Andrew Ladd.
11:55 of 3rd period - Stopped by Marc-Andre Fleury without a rebound.
11:56 of 3rd period - Darren Helm wins face-off versus Jussi Jokinen in Capitals zone.
12:31 of 3rd period - Robyn Regehr is hit by Jason Demers.
12:47 of 3rd period - Andy Greene is hit by Jason Demers and loses puck.
13:18 of 3rd period - Snap shot by Kris Versteeg.
13:18 of 3rd period - Stopped by Jaroslav Halak without a rebound.
13:19 of 3rd period - Leon Draisaitl wins face-off versus David Desharnais in Oilers zone.
13:28 of 3rd period - Slapshot by Leon Draisaitl.
13:28 of 3rd period - Shot Blocked by Brayden McNabb.
13:30 of 3rd period - Slapshot by Paul Martin.
13:30 of 3rd period - Stopped by Jaroslav Halak with a rebound.
13:32 of 3rd period - Snap shot by Erik Condra.
13:32 of 3rd period - Stopped by Jaroslav Halak with a rebound.
13:36 of 3rd period - Slapshot by Erik Condra.
13:36 of 3rd period - Shot Misses the Net.
13:38 of 3rd period - Slapshot by Paul Martin.
13:38 of 3rd period - Stopped by Jaroslav Halak with a rebound.
13:40 of 3rd period - Slapshot by Paul Martin.
13:40 of 3rd period - Shot Misses the Net.
14:29 of 3rd period - Robyn Regehr is hit by Andrew Ladd and loses puck.
14:57 of 3rd period - Wrist shot by Dainius Zubrus.
14:57 of 3rd period - Deflect By Alex Tanguay.
14:57 of 3rd period - Shot Blocked by David Desharnais.
14:57 of 3rd period - Puck is out of play.
14:58 of 3rd period - Jussi Jokinen wins face-off versus David Desharnais in Oilers zone.
15:11 of 3rd period - Wrist shot by Trevor Lewis.
15:11 of 3rd period - Stopped by Marc-Andre Fleury with a rebound.
15:13 of 3rd period - Snap shot by Trevor Lewis.
15:13 of 3rd period - Shot Misses the Net.
15:15 of 3rd period - Wrist shot by Niklas Hjalmarsson.
15:15 of 3rd period - Shot Misses the Net.
15:17 of 3rd period - Snap shot by Ryan McDonagh.
15:17 of 3rd period - Shot Blocked by Andy Greene.
15:19 of 3rd period - Wrist shot by David Desharnais.
15:19 of 3rd period - Shot Misses the Net.
15:21 of 3rd period - Snap shot by Ryan McDonagh.
15:21 of 3rd period - Stopped by Marc-Andre Fleury with a rebound.
15:23 of 3rd period - Snap shot by Niklas Hjalmarsson.
15:23 of 3rd period - Shot Misses the Net.
15:24 of 3rd period - Minor Penalty to David Desharnais for High sticking.
15:25 of 3rd period - Kris Versteeg wins face-off versus Nick Bonino in Oilers zone.
15:34 of 3rd period - Snap shot by Kris Versteeg.
15:34 of 3rd period - Shot Misses the Net.
15:36 of 3rd period - Snap shot by Matt Read.
15:36 of 3rd period - Deflect By Kris Versteeg.
15:36 of 3rd period - Stopped by Jaroslav Halak with a rebound.
16:42 of 3rd period - Niklas Hjalmarsson is hit by Robyn Regehr.
16:54 of 3rd period - Niklas Hjalmarsson is hit by Dainius Zubrus and loses puck.
17:07 of 3rd period - Henrik Zetterberg is hit by Sami Vatanen.
17:11 of 3rd period - Alex Tanguay is hit by Henrik Zetterberg and loses puck.
17:18 of 3rd period - Ryan McDonagh is hit by Alex Tanguay.
17:24 of 3rd period - Penalty to David Desharnais is over, David Desharnais is back on ice.
17:28 of 3rd period - Sami Vatanen is hit by Andrew Ladd and loses puck.
17:48 of 3rd period - Icing by Ryan McDonagh.
17:49 of 3rd period - Nick Bonino wins face-off versus Eric O'Dell in Oilers zone.
18:05 of 3rd period - Off-side.
18:06 of 3rd period - Nicklas Backstrom wins face-off versus Kyle Clifford in neutral zone.
18:13 of 3rd period - Snap shot by Nick Bonino.
18:13 of 3rd period - Shot Misses the Net.
19:19 of 3rd period - Icing by Kris Versteeg.
19:20 of 3rd period - Henrik Zetterberg wins face-off versus Eric O'Dell in Capitals zone.
Goals for this period are 0 for Capitals vs 0 for Oilers.
Shots for this period are 13 for Capitals vs 5 for Oilers.
0:00 - Minor Penalty to Nicklas Backstrom for Holding Stick.

Overtime #1


0:01 of 1st overtime period - Nick Bonino wins face-off versus Jussi Jokinen in neutral zone.
0:10 of 1st overtime period - Slapshot by Brayden McNabb.
0:10 of 1st overtime period - Shot Misses the Net.
0:34 of 1st overtime period - Snap shot by Alex Tanguay.
0:34 of 1st overtime period - Shot Misses the Net.
0:36 of 1st overtime period - Slapshot by Andy Greene.
0:36 of 1st overtime period - Shot Blocked by Brayden McNabb.
0:46 of 1st overtime period - Snap shot by Alex Tanguay.
0:46 of 1st overtime period - Shot Blocked by Brayden McNabb.
1:20 of 1st overtime period - Slapshot by Jason Demers.
1:20 of 1st overtime period - Shot Blocked by Jussi Jokinen.
1:46 of 1st overtime period - Snap shot by Patrick Marleau.
1:46 of 1st overtime period - Stopped by Marc-Andre Fleury without a rebound.
1:47 of 1st overtime period - Patrick Marleau wins face-off versus Kyle Clifford in Capitals zone.
1:58 of 1st overtime period - Snap shot by Kyle Clifford.
1:58 of 1st overtime period - Stopped by Jaroslav Halak with a rebound.
2:00 of 1st overtime period - Penalty to Nicklas Backstrom is over, Nicklas Backstrom is back on ice.
2:37 of 1st overtime period - Jason Demers is hit by Robyn Regehr and loses puck.
3:20 of 1st overtime period - Icing by Robyn Regehr.
3:21 of 1st overtime period - Nicklas Backstrom wins face-off versus Michael Ryder in Capitals zone.
3:42 of 1st overtime period - Wrist shot by Nicklas Backstrom.
3:42 of 1st overtime period - Stopped by Marc-Andre Fleury without a rebound.
3:43 of 1st overtime period - Nicklas Backstrom wins face-off versus Jussi Jokinen in Capitals zone.
4:00 of 1st overtime period - Slapshot by Sami Vatanen.
4:00 of 1st overtime period - Stopped by Jaroslav Halak with a rebound.
4:20 of 1st overtime period - Wrist shot by Kris Versteeg.
4:20 of 1st overtime period - Shot Misses the Net.
4:22 of 1st overtime period - Snap shot by Robyn Regehr.
4:22 of 1st overtime period - Shot Blocked by Ryan McDonagh.
4:24 of 1st overtime period - Slapshot by Kris Versteeg.
4:24 of 1st overtime period - Deflect By Kyle Clifford.
4:24 of 1st overtime period - Stopped by Jaroslav Halak without a rebound.
4:25 of 1st overtime period - Henrik Zetterberg wins face-off versus Kyle Clifford in Oilers zone.
Goals for this period are 0 for Capitals vs 0 for Oilers.
Shots for this period are 3 for Capitals vs 2 for Oilers.

ShootOut


5:00 of 1st overtime period - Penalty Shot by Jussi Jokinen for Capitals.
5:00 of 1st overtime period - Snap shot by Jussi Jokinen.
5:00 of 1st overtime period - Goal by Jussi Jokinen.
5:00 of 1st overtime period - Penalty Shot by David Desharnais for Oilers.
5:00 of 1st overtime period - Deke by David Desharnais.
5:00 of 1st overtime period - Shot Misses the Net.
5:00 of 1st overtime period - Penalty Shot by Alex Tanguay for Capitals.
5:00 of 1st overtime period - Deke by Alex Tanguay.
5:00 of 1st overtime period - Goal by Alex Tanguay.
5:00 of 1st overtime period - Penalty Shot by Andrew Ladd for Oilers.
5:00 of 1st overtime period - Wrist shot by Andrew Ladd.
5:00 of 1st overtime period - Stopped by Marc-Andre Fleury.